 Dungeon Crawl Stone Soup version 0.31-a0-818-ge7c7cf74f0 (webtiles) character file.

Game seed: 11488010021179266838

42 Kurtz the Chopper (level 3, -1/26 HPs)
             Began as an Octopode Fighter on Sept 23, 2023.
             Slain by a cerulean imp
             ... wielding a +0 spear
             ... summoned by Natasha
              (2 damage)
             ... on level 2 of the Dungeon.
             The game lasted 00:00:43 (795 turns).

Kurtz the Chopper (Octopode Fighter)                 Turns: 795, Time: 00:00:43

Health: -1/26      AC:  1    Str: 15    XL:     3   Next: 56%
Magic:  3/3        EV: 13    Int: 10    God:
Gold:   59         SH:  4    Dex: 13    Spells: 2/2 levels left

rFire   . . .        a - +0 war axe
rCold   + . .        b - +0 buckler
rNeg    . . .        (helmet restricted)
rPois   .            (no amulet)
rElec   .            d - ring of protection from cold
rCorr   .            (no ring)
SInv    .            (no ring)
Will    .....        (no ring)
Stlth   ++           (no ring)
HPRegen 0.24/turn    (no ring)
MPRegen 0.08/turn    (no ring)
                     (no ring)

%: no passive effects
@: no status effects
A: almost no armour, amphibious, 8 rings, camouflage 1, gelatinous body 1,
(nimble swimmer 1), tentacles
a: no special abilities


You were on level 2 of the Dungeon.
You visited 1 branch of the dungeon, and saw 2 of its levels.

You collected 59 gold pieces.

Inventory:

Hand Weapons
 a - a +0 war axe (weapon)
Missiles
 f - 4 atropa-tipped darts
Armour
 b - a +0 buckler (worn)
Jewellery
 d - a ring of protection from cold (left tentacle)
Scrolls
 g - a scroll of amnesia {unknown}
 i - a scroll of teleportation {unknown}
Potions
 c - a potion of might
 e - 2 potions of berserk rage {unknown}
 h - a potion of invisibility {unknown}
 j - a potion of cancellation {unknown}


   Skills:
 - Level 3.0 Fighting
 * Level 3.8 Axes
 - Level 3.0 Dodging
 - Level 3.0 Shields


You had 2 spell levels left.
You didn't know any spells.
Your spell library contained the following spells:

 Spells                   Type           Power      Damage    Failure   Level
 Foxfire                  Conj/Fire      0%         2x1d4     45%         1
 Plasma Beam              Fire/Air       0%         2x1d10    100%        6
 Starburst                Conj/Fire      0%         6d3       100%        6


Dungeon Overview and Level Annotations

Branches:
Dungeon (2/15)

Altars:

Annotations:
D:2 Natasha


Innate Abilities, Weirdness & Mutations

You cannot wear most types of armour.
You are amphibious.
You can wear up to eight rings at the same time.
Your skin changes colour to match your surroundings (Stealth+).
Your rubbery body absorbs attacks. (AC +1, EV +1)
((You are camouflaged when in or above water. (Stealth+)))
You have tentacles for arms and can constrict up to eight enemies at once.


Message History

Natasha, Servant of Life and Death comes into view.
Natasha is nearby!
Natasha is nearby!
The helpless Natasha fails to defend herself.
You hit Natasha. Your grab misses Natasha. Your squeeze misses Natasha.
Natasha is lightly wounded.
Natasha casts a spell.
You slash Natasha! Your grab misses Natasha.
Your tentacle-slap misses Natasha.
Natasha is severely wounded.
You hit the cerulean imp.
Natasha casts a spell.
The cerulean imp hits you with a +2 spear.
Natasha casts a spell.
You barely miss Natasha. Your grab misses Natasha.
Natasha is severely wounded.
You barely miss the cerulean imp. You closely miss the cerulean imp.
The cerulean imp hits you with a +2 spear.
Natasha claws you! You block the cerulean imp's attack.
You are too injured to fight recklessly!
You are too injured to fight recklessly!
Unknown command.
You miss Natasha. Your grab misses Natasha.
Natasha is severely wounded.
You hit the cerulean imp. You closely miss the cerulean imp.
The cerulean imp hits you from afar with a +0 spear.
The cerulean imp misses you. Natasha barely misses you.
The cerulean imp hits you with a +2 spear.
* * * LOW HITPOINT WARNING * * *
The cerulean imp hits you from afar with a +0 spear.
* * * LOW HITPOINT WARNING * * *
The cerulean imp hits you but does no damage.
You barely miss Natasha. You grab Natasha. Your squeeze misses Natasha.
Natasha is severely wounded.
You hit the cerulean imp. You slash the cerulean imp!
You constrict Natasha, but do no damage.
Natasha barely misses you.
The cerulean imp hits you with a +2 spear.
* * * LOW HITPOINT WARNING * * *
The cerulean imp hits you from afar with a +0 spear.
You die...

.. #.# #.# ##.##
####...# .........#
#...##...#####
#.....55.....#
..####@##.#.###
#h##.#...#
#5#...##.##
#..........# #.#.
#.# #..#...##..#
#.#. #.#
#..##.###..#
#.#.####.####..##.#
#..#
........#.....##.#
#..# ....##.#.##.#
#.# #..#


You could see Natasha and 3 cerulean imps.

Vanquished Creatures
  A worm (D:2)
  A dart slug (D:1)
  4 bats (D:1)
  4 endoplasms
  4 hobgoblins (D:1)
  3 kobolds
  4 quokkas (D:1)
  3 ball pythons
  A frilled lizard (D:1)
  4 goblins (D:1)
  4 rats (D:1)
33 creatures vanquished.

Notes
Turn   | Place    | Note
-------+----------+-------------------------------------------
     0 | D:1      | Kurtz the Octopode Fighter began the quest for the Orb.
     0 | D:1      | Reached XP level 1. HP: 16/16 MP: 1/1
    92 | D:1      | Reached XP level 2. HP: 13/21 MP: 2/2
   365 | D:1      | Reached XP level 3. HP: 21/26 MP: 3/3
   789 | D:2      | Noticed Natasha
   794 | D:2      | HP: 1/26 [cerulean imp/+0 spear[Natasha] (2)]
   795 | D:2      | Slain by a cerulean imp

Illustrated notes

Levels and vault maps discovered:
D:1:      lightli_arrival_statue_moat, layout_loops_cross
D:2:      layout_loops_ring, serial_shops, nicolae_shop_pleasant_corner_grove,
          minmay_pentomino_o4, uniq_natasha

Skill      XL: |  1  2 |
---------------+-------+-----
Axes           | 3 |  3.8
Fighting       | |  3.0
Dodging        | |  3.0
Shields        | |  3.0

Action                     || total
---------------------------++-------
  Melee: War axe           ||    62
         Tentacles         ||    14
         Constrict         ||    13
   Stab: Sleeping          ||     9
 Armour: Skin              ||    26
  Dodge: Dodged            ||    48
  Block: Buckler           ||    14

Table legend: (Time is in decaauts)
 A = Elapsed time spent in this place.
 B = Non-inter-level travel time spent in this place.
 C = Inter-level travel time spent in this place.
 D = Time resting spent in this place.
 E = Time spent auto-exploring this place.
 F = Levels seen in this place.
 G = Mean time per level.
                   A        B        C        D        E       F      G
               +--------+--------+--------+--------+--------+-----+--------+
         Total |    817 |    776 |     41 |     30 |    539 |   2 |  408.5 |
       Dungeon |    817 |    776 |     41 |     30 |    539 |   2 |  408.5 |
               +--------+--------+--------+--------+--------+-----+--------+

Top non-repeatable levels by time:
     D:1: 747 daAuts
     D:2: 69 daAuts
